 Dungeon Crawl Stone Soup version 0.29-a0-830-gcb1280458a (webtiles) character file.

Game seed: 5331086048122899389

3300 kyalle the Fighter (level 9, -1/85 HPs)
             Began as a Minotaur Fighter on July 11, 2022.
             Was a Priest of Cheibriados.
             Slain by a death yak (7 damage)
             ... on level 9 of the Dungeon.
             The game lasted 00:18:18 (7516 turns).

kyalle the Fighter (Minotaur Fighter)               Turns: 7516, Time: 00:18:19

Health: -1/85      AC: 12    Str: 32    XL:     9   Next: 70%
Magic:  8/8        EV: 25    Int: 12    God:    Cheibriados [***...]
Gold:   276        SH:  7    Dex: 23    Spells: 8/8 levels left

rFire   . . .      SeeInvis .   a - +1 war axe (venom)
rCold   . . .      Faith    .   c - +0 buckler
rNeg    . . .      Spirit   .   r - +2 ring mail {rPois}
rPois   +          Reflect  .   (helmet restricted)
rElec   .          Harm     .   p - +2 cloak
rCorr   .          Rampage  .   (no gloves)
Will    .....                   (no boots)
Stlth   +.........              f - amulet of the acrobat
HPRegen 0.24/turn               D - +6 ring of dexterity
MPRegen 0.11/turn               (no ring)

@: acrobatic, studying Fire Magic, very slow
A: horns 2, retaliatory headbutt
a: Renounce Religion, Bend Time, Temporal Distortion


You were on level 9 of the Dungeon.
You worshipped Cheibriados.
Cheibriados was most pleased with you.
You visited 2 branches of the dungeon, and saw 10 of its levels.

You collected 430 gold pieces.
You spent 154 gold pieces at shops.

Inventory:

Hand Weapons
 a - a +1 war axe of venom (weapon)
 g - a +0 mace of venom
Armour
 b - a +1 scale mail
 c - a +0 buckler (worn)
 p - a +2 cloak (worn)
 r - a +2 ring mail of poison resistance (worn)
Jewellery
 e - a ring of protection from cold
 f - an amulet of the acrobat (around neck)
 D - a +6 ring of dexterity (left hand)
Wands
 n - a wand of mindburst (24)
 E - a wand of iceblast (6)
Scrolls
 i - 8 scrolls of teleportation
 m - 2 scrolls of enchant armour
 s - a scroll of fog {unknown}
 u - 3 scrolls of amnesia
 w - a scroll of enchant weapon
 y - a scroll of immolation {unknown}
 A - a scroll of poison {unknown}
 B - 3 scrolls of identify
Potions
 d - 2 potions of might
 h - 6 potions of heal wounds
 j - 3 potions of mutation
 k - 2 potions of brilliance {unknown}
 l - a potion of berserk rage
 o - 2 potions of lignification {unknown}
 q - 5 potions of curing
 t - a potion of degeneration {unknown}
 v - a potion of haste {unknown}
 x - 2 potions of attraction {unknown}
 z - a potion of flight {unknown}
 C - a potion of cancellation {unknown}


   Skills:
 * Level 10.3 Fighting
 * Level 9.8 Axes
 + Level 7.6 Armour
 + Level 7.6 Shields


You had 8 spell levels left.
You didn't know any spells.
Your spell library contained the following spells:

 Spells                   Type           Power      Damage    Failure   Level
 Foxfire                  Conj/Fire      0%         2x1d4     50%         1
 Poisonous Vapours        Pois/Air       0%         N/A       63%         2
 Conjure Flame            Conj/Fire      0%         6-21      86%         3
 Inner Flame              Hex/Fire       0%         N/A       86%         3
 Corpse Rot               Necr/Pois/Air  0%         N/A       99%         4
 Flame Wave               Conj/Fire      0%         2d4       99%         4
 Alistair's Intoxication  Tmut/Pois      0%         N/A       100%        5
 Borgnjor's Vile Clutch   Necr/Erth      0%         N/A       100%        5
 Eringya's Noxious Bog    Tmut/Pois      0%         N/A       100%        6


Dungeon Overview and Level Annotations

Branches:
Dungeon (9/15)             Temple (1/1) D:5            Lair (0/6) D:9
    Orc: D:9-12

Altars:
Ashenzari
Cheibriados
Dithmenos
Elyvilon
Fedhas
Gozag
Hepliaklqana
Kikubaaqudgha
Nemelex Xobeh
Qazlal
Ru
Sif Muna
Trog
Uskayaw
Wu Jian
Xom
Zin
The Shining One

Shops:
D:3 (   D:5 !:


Innate Abilities, Weirdness & Mutations

You have a pair of horns on your head.
You reflexively headbutt those who attack you in melee.


Message History

The death yak barely misses you. The death yak completely misses you.
You furiously retaliate!
You headbutt the death yak. You hit the death yak.
You headbutt the death yak, but do no damage.
The death yak is lightly wounded.
You slash the death yak!
The death yak looks as sick as possible!
You hit the yak.
The yak is poisoned.
You slash the yak! You completely miss the death yak.
The death yak gores you but does no damage.
You block the yak's attack.
The death yak gores you but does no damage.
The death yak closely misses you. The yak gores you!
You slash the yak!
The yak is heavily wounded.
You hit the death yak but do no damage.
The death yak is poisoned.
You hit the yak.
The yak is poisoned.
You hit the death yak. You slash the death yak!
The death yak looks as sick as possible!
You block the death yak's attack. The death yak gores you!! x2
You block the yak's attack. The yak attacks as you move away!
The yak gores you! The death yak gores you!
* * * LOW HITPOINT WARNING * * *
You block the death yak's attack. The death yak misses you.
You block the death yak's attack.
You slash the death yak!
The death yak looks as sick as possible!
The death yak is moderately wounded.
You slash the death yak!
The death yak looks as sick as possible!
You hit the death yak but do no damage.
The death yak looks as sick as possible!
The death yak gores you!!
* * * LOW HITPOINT WARNING * * *
The death yak snorts and paws the ground.
The death yak gores you but does no damage.
The death yak barely misses you. The death yak closely misses you.
The death yak attacks as you move away! You block the death yak's attack.
The death yak gores you!
You die...

##########
.........#
.........#
..........#
...........#
...........#
........@.#
#.....Y.Y#
+.....Y.Y#
#.....YY.#
#......Y##
#.......#
..........#
..........#
...###.#....


You could see 5 death yaks and 2 yaks.

Vanquished Creatures
  Maggie (D:7)
  Prince Ribbit (D:5)
  A water moccasin (D:6)
  An ice beast (D:7)
  3 sky beasts (D:6)
  An ogre (D:7)
  2 centaurs
  6 kobold brigands
  4 bullfrogs
  6 scorpions
  2 howler monkeys (D:4)
  2 hounds
  2 jellies
  An orc priest (D:4)
  2 gnoll boudas
  Ijyb (D:3)
  Terence (D:2)
  5 orc wizards
  Natasha (thrice) (D:2)
  6 iguanas
  10 gnolls
  7 adders
  3 shadow imps
  A white imp (D:8)
  2 ufetubi
  4 worms
  3 dart slugs
  21 orcs
  7 bats
  7 endoplasms
  3 giant cockroaches
  8 goblins
  10 hobgoblins
  8 jackals
  3 quokkas
  6 ball pythons
  3 frilled lizards
  30 kobolds
  7 rats
194 creatures vanquished.

Vanquished Creatures (others)
  An orc wizard (D:7)
  A kobold (D:7)
  4 demonic plants (D:8)
6 creatures vanquished.

Grand Total: 200 creatures vanquished

Notes
Turn   | Place    | Note
-------+----------+-------------------------------------------
     0 | D:1      | kyalle the Minotaur Fighter began the quest for the Orb.
     0 | D:1      | Reached XP level 1. HP: 19/19 MP: 0/0
   164 | D:1      | Reached XP level 2. HP: 27/27 MP: 1/1
   475 | D:1      | Reached skill level 4 in Fighting
   968 | D:2      | Found a faded altar of an unknown god.
  1098 | D:2      | Noticed Natasha
  1103 | D:2      | Killed Natasha
  1104 | D:2      | Reached XP level 3. HP: 33/34 MP: 2/2
  1228 | D:2      | Reached XP level 4. HP: 41/41 MP: 3/3
  1457 | D:2      | Noticed Natasha
  1463 | D:2      | Killed Natasha
  1488 | D:2      | Noticed Natasha
  1493 | D:2      | Killed Natasha
  1771 | D:2      | Reached skill level 5 in Fighting
  1774 | D:2      | Noticed Terence
  1784 | D:2      | Killed Terence
  1785 | D:2      | Reached XP level 5. HP: 48/48 MP: 4/4
  2270 | D:3      | Noticed Ijyb
  2281 | D:3      | Killed Ijyb
  2607 | D:3      | Found Nynel's Weapon Shoppe.
  3240 | D:4      | Reached XP level 6. HP: 56/56 MP: 5/5
  3264 | D:4      | Reached skill level 5 in Axes
  3307 | D:4      | Found a broken altar of Ashenzari.
  3363 | D:4      | Reached skill level 6 in Fighting
  3363 | D:4      | Reached skill level 5 in Armour
  3363 | D:4      | Reached skill level 5 in Shields
  3409 | D:4      | Reached XP level 7. HP: 15/63 MP: 6/6
  4175 | D:5      | Entered Level 5 of the Dungeon
  4175 | D:5      | Found Woipn's Book Shop.
  4216 | D:5      | Found a staircase to the Ecumenical Temple.
  4253 | Temple   | Entered the Ecumenical Temple
  4308 | Temple   | Became a worshipper of Cheibriados the Contemplative
  4386 | D:5      | Found Xuleij's Distillery.
  4396 | D:5      | Bought a potion of heal wounds for 70 gold pieces
  4396 | D:5      | Bought 2 potions of curing for 84 gold pieces
  4470 | D:5      | Noticed Prince Ribbit
  4475 | D:5      | Reached skill level 7 in Fighting
  4478 | D:5      | Killed Prince Ribbit
  4479 | D:5      | Reached XP level 8. HP: 55/73 MP: 7/7
  4959 | D:6      | Reached skill level 8 in Fighting
  5089 | D:6      | Reached * piety under Cheibriados
  5289 | D:6      | Found an ornate altar of the Wu Jian Council.
  5556 | D:6      | Found a glowing golden altar of the Shining One.
  5674 | D:6      | Found a blossoming altar of Fedhas.
  5921 | D:7      | Reached skill level 9 in Fighting
  5968 | D:7      | Reached XP level 9. HP: 81/83 MP: 8/8
  5997 | D:7      | Noticed a +0 hand axe
  5998 | D:7      | Found a hide-covered altar of Uskayaw.
  5998 | D:7      | Noticed a +0 dagger
  6017 | D:7      | Reached ** piety under Cheibriados
  6130 | D:7      | You fall into a shaft and drop 1 floor!
  6612 | D:8      | Reached *** piety under Cheibriados
  6839 | D:7      | Noticed Maggie
  6847 | D:7      | Reached skill level 10 in Fighting
  6853 | D:7      | Killed Maggie
  7504 | D:9      | Noticed a death yak
  7505 | D:9      | Noticed a death yak
  7506 | D:9      | Noticed a death yak
  7506 | D:9      | Noticed a death yak
  7507 | D:9      | Found a staircase to the Lair.
  7507 | D:9      | Noticed a death yak
  7516 | D:9      | Slain by a death yak

Illustrated notes

Levels and vault maps discovered:
D:1:      sevenhm_arrival_forest_fort_large_4, layout_basic,
          hangedman_decor_points, minmay_statues_item, minmay_tetromino_s2
D:2:      layout_basic, hellmonk_ecumenical_altar_run_dry, uniq_natasha,
          uniq_terence
D:3:      minmay_inner_zag, layout_loops_ring, serial_shops, shop,
          dk_vineyard_1, uniq_ijyb
D:4:      layout_basic, ashenzari_altar_1, dk_rats_in_the_wall
D:5:      layout_basic, minmay_temple_entry_slanted, serial_shops,
          nicolae_shop_statue_plus, nicolae_diamond_shop, uniq_prince_ribbit1
D:6:      layout_cave_pools, kennysheep_mini, nicolae_overflow_hidden_temple,
          serial_park, serial_park_tiny_pond, serial_park_square3
          [serial_park_minivault_5x5_4], serial_park_tiny_1, serial_park_square1
          [serial_park_minivault_5x5_8], chequers_serial_rivers_large_a
D:7:      layout_basic, dancing_weapons_uskayaw, uniq_maggie
D:8:      layout_loops_ring, serial_demonic, serial_demonic_g, serial_demonic_c,
          serial_demonic_e, serial_demonic_e, serial_demonic_d, serial_demonic_e
D:9:      layout_irregular_city, chequers_temple_overflow_minitemple,
          dpeg_lair_monsters, orc_0_dummy, hangedman_decor_opposing,
          uniq_harold, uniq_joseph, uniq_erolcha
Temple:   eino_temple_lava

Skill      XL: |  1  2  3  4  5  6  7  8  9 |
---------------+----------------------------+-----
Fighting       | 4 5 6 7 9 10 | 10.3
Axes           | 3 4 5 6 8 9 |  9.8
Armour         | 4 5 6 7 |  7.6
Shields        | 4 5 6 7 |  7.6

Action                   |  1- 3 |  4- 6 |  7- 9 || total
-------------------------+-------+-------+-------++-------
Melee: War axe           |    63 |    99 |   224 ||   386
       Headbutt          |    14 |    14 |    37 ||    65
  Use: Scroll            |     6 |     5 |       ||    11
Armor: Scale mail        |    36 |    25 |       ||    61
       Ring mail         |       |     2 |   102 ||   104
Dodge: Dodged            |    23 |    57 |   155 ||   235
Block: Buckler           |    14 |    24 |    81 ||   119

Table legend: (Time is in decaauts)
 A = Elapsed time spent in this place.
 B = Non-inter-level travel time spent in this place.
 C = Inter-level travel time spent in this place.
 D = Time resting spent in this place.
 E = Time spent auto-exploring this place.
 F = Levels seen in this place.
 G = Mean time per level.
                   A        B        C        D        E       F      G
               +--------+--------+--------+--------+--------+-----+--------+
         Total |   8656 |   8202 |    454 |    253 |   6217 |  10 |  865.6 |
       Dungeon |   8589 |   8135 |    454 |    253 |   6217 |   9 |  954.3 |
        Temple |     67 |     67 |      0 |      0 |      0 |   1 |   67.0 |
               +--------+--------+--------+--------+--------+-----+--------+

Top non-repeatable levels by time:
     D:3: 1276 daAuts
     D:7: 1206 daAuts
     D:6: 1190 daAuts
     D:8: 1079 daAuts
     D:1: 1048 daAuts
     D:2: 957 daAuts
     D:4: 953 daAuts
     D:5: 860 daAuts
  Temple: 67 daAuts
     D:9: 16 daAuts
